 Dungeon Crawl Stone Soup version 0.25.1-2-g60ff931df9 (webtiles) character file.

Game seed: 7478649119859170331

287 Johnny the Digger (level 6, -2/41 HPs)
             Began as a Human Earth Elementalist on Aug 9, 2020.
             Killed from afar by an orc wizard (8 damage)
             ... with a magic dart
             ... on level 4 of the Dungeon.
             The game lasted 00:03:26 (4323 turns).

Johnny the Digger (Human Earth Elementalist)        Turns: 4323, Time: 00:03:27

Health: -2/41      AC:  2    Str:  9    XL:     6   Next: 56%
Magic:  8/12       EV: 12    Int: 17    God:
Gold:   186        SH:  0    Dex: 13    Spells: 12/13 levels left

rFire    . . .     SeeInvis .   v - +0 spear
rCold    . . .     Gourm    .   (no shield)
rNeg     . . .     Faith    .   c - +0 robe
rPois    +         Spirit   .   (no helmet)
rElec    .         Reflect  .   (no cloak)
rCorr    .         Harm     .   (no gloves)
MR       .....     Rnd*Tele +   (no boots)
Stlth    ++........             (no amulet)
HPRegen  0.13/turn              e - ring of teleportation (curse)
MPRegen  0.13/turn              f - ring of poison resistance

@: no status effects
A: no striking features
a: no special abilities


You were on level 4 of the Dungeon.
You were very hungry.

You visited 1 branch of the dungeon, and saw 4 of its levels.

You collected 186 gold pieces.

Inventory:

Hand Weapons
 v - a +0 spear (weapon)
Missiles
 b - 54 stones (quivered)
 l - 3 throwing nets
Armour
 c - a +0 robe (worn)
Jewellery
 e - a cursed ring of teleportation (left hand)
 f - a ring of poison resistance (right hand)
 t - an uncursed amulet of reflection {unknown}
Scrolls
 a - 5 scrolls of identify {unknown}
 h - a scroll of enchant weapon {unknown}
 i - 2 scrolls of teleportation {unknown}
 k - a scroll of immolation {unknown}
 n - 2 scrolls of remove curse {unknown}
 q - 2 scrolls of fear {unknown}
 s - a scroll of fog {unknown}
Potions
 g - a potion of magic {unknown}
 j - a potion of mutation {unknown}
 m - a potion of stabbing {unknown}
 o - a potion of lignification {unknown}
 p - a potion of curing
 r - a potion of flight {unknown}
 u - a potion of might
Comestibles
 d - 9 rations


   Skills:
 - Level 2.0 Dodging
 - Level 2.0 Stealth
 + Level 4.4 Spellcasting
   Level 1.0 Transmutations
 + Level 5.2 Earth Magic


You had 12 spell levels left.
You knew the following spells:

 Your Spells              Type           Power        Failure   Level  Hunger
a - Sandblast             Erth           ###...       1%          1    None

Your spell library contained the following spells:

 Spells                   Type           Power        Failure   Level  Hunger
 Passwall                 Tmut/Erth      ##......     6%          2    ##.....
 Stone Arrow              Conj/Erth      ##....       16%         3    ###....
 Petrify                  Tmut/Erth      ##......     38%         4    ####...
 Lee's Rapid Deconstruct  Erth           ###.......   43%         5    ######.


Dungeon Overview and Level Annotations

Branches:
Dungeon (4/15)
 Temple: D:4-7

Altars:
Fedhas
Kikubaaqudgha


Message History

Unknown command.
Casting: Sandblast (safe; 1% risk of failure)
Confirm with . or Enter, or press ? or * to list all spells.
Aiming: Sandblast (safe; 1% risk of failure)
Press: ? - help, Shift-Dir - straight line
b - 55 stones You hear some strange, mumbled words.
A magic dart appears from out of thin air!
The magic dart hits you.
* * * LOW HITPOINT WARNING * * *
Casting: Sandblast (safe; 1% risk of failure)
Confirm with . or Enter, or press ? or * to list all spells.
Aiming: Sandblast (safe; 1% risk of failure)
Press: ? - help, Shift-Dir - straight line The blast of sand hits something!
b - 54 stones You hear some strange, mumbled words.
A magic dart appears from out of thin air!
The magic dart hits you!
You die...

# #. ... ####
#.. ..# #
#...##.# .#
##......###$#
......)@{...#
###$.##)..###
# #.........#
###.####.##
#<# #.# #.#
#.# #.#


There were no monsters in sight!

Vanquished Creatures
  An ogre (D:3)
  An orc priest (D:4)
  7 adders
  A worm (D:3)
  2 dart slugs
  3 leopard geckos (D:3)
  3 orcs
  2 ball pythons
  9 bats
  3 giant cockroaches
  12 goblins
  11 hobgoblins
  17 jackals
  6 frilled lizards
  A jackal skeleton (D:4)
  7 kobolds
  6 rats
92 creatures vanquished.

Notes
Turn   | Place    | Note
-------+----------+-------------------------------------------
     0 | D:1      | Johnny the Human Earth Elementalist began the quest for the
                  | Orb.
     0 | D:1      | Reached XP level 1. HP: 13/13 MP: 3/3
   211 | D:1      | Reached XP level 2. HP: 19/19 MP: 3/5
   881 | D:1      | Reached XP level 3. HP: 21/24 MP: 6/6
  1720 | D:2      | Reached XP level 4. HP: 12/30 MP: 0/8
  1954 | D:2      | Reached skill level 4 in Earth Magic
  2703 | D:2      | Found an ancient bone altar of Kikubaaqudgha.
  2704 | D:2      | Found a blossoming altar of Fedhas.
  3057 | D:3      | Reached XP level 5. HP: 34/35 MP: 8/10
  3558 | D:3      | Noticed an ogre
  3563 | D:3      | Killed an ogre
  3563 | D:3      | Reached skill level 5 in Earth Magic
  3563 | D:3      | Reached XP level 6. HP: 41/41 MP: 6/12
  4323 | D:4      | Killed from afar by an orc wizard

Illustrated notes

Levels and vault maps discovered:
D:1:      scummos_arrival_simple_crosswalls, layout_basic
D:2:      layout_loops_cross, grunt_temple_overflow_growth_and_decay
D:3:      wander_river, layout_loops_ring
D:4:      layout_loops_ring, uniq_edmund

Skill      XL: |  1  2  3  4  5 |
---------------+----------------+-----
Spellcasting   | 3 4 |  4.4
Earth Magic    | 4 5 |  5.2
Dodging        | |  2.0
Stealth        | |  2.0
Transmutations | |  1.0

Action                   |  1- 3 |  4- 6 || total
-------------------------+-------+-------++-------
Melee: Unarmed           |    87 |    58 ||   145
       Spear             |       |    61 ||    61
 Cast: Sandblast         |    41 |    74 ||   115
  Use: Potion            |       |     1 ||     1
 Stab: Sleeping          |     1 |     8 ||     9
  Eat: Chunk             |     3 |     7 ||    10
Armor: Robe              |    29 |    24 ||    53
Dodge: Dodged            |    73 |   115 ||   188
